 Dungeon Crawl Stone Soup version 0.30-a0-613-gdd512c7efb (webtiles) character file.

Game seed: 1354064672567650776

2431 bande the Chopper (level 9, -15/60 HPs)
             Began as a Gargoyle Fighter on Jan 8, 2023.
             Demolished by a two-headed ogre
             ... wielding a +0 giant club
              (22 damage)
             ... on level 8 of the Dungeon.
             The game lasted 00:13:29 (8772 turns).

bande the Chopper (Gargoyle Fighter)                Turns: 8772, Time: 00:13:30

Health: -15/60     AC: 19    Str: 19    XL:     9   Next: 48%
Magic:  9/9        EV:  7    Int: 10    God:
Gold:   365        SH:  5    Dex: 13    Spells: 8/8 levels left

rFire   . . .      SeeInvis +    a - +0 war axe
rCold   . . .      Faith    .    c - +0 buckler
rNeg    + . .      Spirit   .    x - +0 chain mail
rPois   ∞          Reflect  .    j - +1 hat
rElec   +          Harm     .    (no cloak)
rCorr   .          Rampage  .    (no gloves)
Will    .....                    (no boots) Stlth
                                 k - amulet of the acrobat
HPRegen 0.30/turn                w - ring of see invisible
MPRegen 0.11/turn                (no ring)

@: no status effects
A: sickness immunity, AC +6, negative energy resistance 1, electricity
resistance, torment resistance 1, petrification resistance, iridescent scales 1,
robust 1
a: no special abilities


You were on level 8 of the Dungeon.
You visited 2 branches of the dungeon, and saw 9 of its levels.
You also visited: Ossuary.

You collected 445 gold pieces.
You spent 80 gold pieces at shops.

Inventory:

Hand Weapons
 a - a +0 war axe (weapon)
 h - a +1 flail of protection
Armour
 c - a +0 buckler (worn)
 j - a +1 hat (worn)
 p - a +0 helmet
 x - a +0 chain mail (worn)
Jewellery
 k - an amulet of the acrobat (around neck)
 w - a ring of see invisible (left hand)
Wands
 b - a wand of polymorph (9)
 g - a wand of acid (4)
 o - a wand of flame (39)
 q - a wand of charming (2)
 s - a wand of digging (8)
Scrolls
 e - 2 scrolls of magic mapping
 t - a scroll of silence
Potions
 d - 3 potions of might
 f - 4 potions of mutation
 i - 2 potions of heal wounds
 l - 3 potions of flight
 m - a potion of curing
 n - 3 potions of haste
 r - 2 potions of brilliance


   Skills:
 + Level 5.9 Fighting
 + Level 7.7 Axes
 + Level 6.8 Armour
 + Level 5.0 Shields
 * Level 4.4 Evocations


You had 8 spell levels left.
You didn't know any spells.
Your spell library contained the following spells:

 Spells                   Type           Power      Damage    Failure   Level
 Freeze                   Ice            0%         1d3       99%         1
 Sting                    Tmut/Pois      0%         1d3       99%         1
 Blink                    Tloc           0%         N/A       100%        2
 Momentum Strike          Conj/Tloc      0%         3d8       100%        2
 Poisonous Vapours        Pois/Air       0%         N/A       100%        2
 Frozen Ramparts          Ice            0%         1d1       100%        3
 Gell's Gravitas          Tloc           0%         N/A       100%        3
 Hailstorm                Conj/Ice       0%         3d3       100%        3
 Lesser Beckoning         Tloc           0%         N/A       100%        3
 Teleport Other           Tloc           0%         N/A       100%        3
 Tukima's Dance           Hex            0%         N/A       100%        3
 Olgreb's Toxic Radiance  Pois           0%         N/A       100%        4
 Passage of Golubria      Tloc           0%         N/A       100%        4
 Petrify                  Tmut/Erth      0%         N/A       100%        4
 Irradiate                Conj/Tmut      0%         3d11      100%        5
 Summon Forest            Summ/Tloc      0%         N/A       100%        5
 Yara's Violent Unravell  Hex/Tmut       0%         3d3       100%        5
 Dispersal                Tloc           0%         N/A       100%        6
 Eringya's Noxious Bog    Tmut/Pois      0%         N/A       100%        6
 Summon Hydra             Summ           0%         N/A       100%        7
 Sublimation of Blood     Necr           Unusable   N/A       N/A         2

Dungeon Overview and Level Annotations

Branches:
Dungeon (8/15)             Temple (1/1) D:4         Ossuary (visited)
   Lair: D:8-11

Altars:
Cheibriados
Dithmenos
Elyvilon
Fedhas
Gozag
Hepliaklqana
Kikubaaqudgha
Makhleb
Nemelex Xobeh
Qazlal
Ru
Sif Muna
Uskayaw
Vehumet
Wu Jian
Xom
Yredelemnul
Zin
The Shining One

Shops:
D:5 ?*   D:7 !


Innate Abilities, Weirdness & Mutations

You are immune to sickness and miasma.
Your stone body is resilient. (AC +6)
You are immune to poison.
You resist negative energy. (rN+)
You are resistant to electric shocks. (rElec)
You are resistant to unholy torment.
You are immune to petrification.
You are partially covered in iridescent scales. (AC +2)
You are robust. (+10% HP)


Message History

The water moccasin barely misses you.
You slash the two-headed ogre!
The two-headed ogre is moderately wounded.
You hit the water moccasin but do no damage.
The water moccasin bites you but does no damage.
The two-headed ogre hits you with a +0 giant club.
You block the two-headed ogre's attack. The water moccasin closely misses you.
You hit the two-headed ogre.
The two-headed ogre is heavily wounded.
You miss the water moccasin.
The water moccasin bites you but does no damage.
You block the two-headed ogre's attack.
The two-headed ogre hits you with a +0 giant spiked club!
You hit the two-headed ogre.
The two-headed ogre is heavily wounded.
You hit the water moccasin. The water moccasin barely misses you.
The water moccasin bites you but does no damage.
You hit the two-headed ogre.
The two-headed ogre is heavily wounded.
You barely miss the water moccasin.
The water moccasin bites you but does no damage.
The two-headed ogre hits you but does no damage.
The two-headed ogre barely misses you. You block the water moccasin's attack.
You slash the two-headed ogre!
The two-headed ogre is severely wounded.
You miss the water moccasin.
The water moccasin bites you but does no damage.
The two-headed ogre hits you with a +0 giant club!!
* * * LOW HITPOINT WARNING * * *
You block the two-headed ogre's attack.
You are too injured to fight recklessly!
You are too injured to fight recklessly!
You are too injured to fight recklessly!
You are too injured to fight recklessly!
You barely miss the two-headed ogre.
The two-headed ogre is severely wounded.
You hit the water moccasin.
The water moccasin bites you but does no damage.
The two-headed ogre hits you with a +0 giant club!!
You die...

#.# #.#.......... #.#
#.#.......... ## #.#
#.#......... .#
#.######.#.......### .#
#.##.....'.......... .#
#.##.###.#.......#
.####.##.###.#.......###
#>......................
.........###.#..@S.....#
#.######## #.####O.....#
........####.# ......#
.......... ..# ......#
........# ......#
........# ......#
........# ......#
........# ......#
....#####


You could see a two-headed ogre and a water moccasin.

Vanquished Creatures
  Sigmund (D:6)
  2 water moccasins
  2 sky beasts
  An ice beast (D:5)
  An ogre (D:7)
  An elf zombie (Ossuary)
  3 kobold brigands
  A gnoll sergeant (D:6)
  4 scorpions
  3 wights
  A howler monkey (D:8)
  A centaur zombie (Ossuary)
  3 hounds
  4 orc priests
  A gnoll bouda (D:5)
  2 human zombies (Ossuary)
  4 iguanas
  Ijyb (D:3)
  5 orc wizards
  2 mummies (Ossuary)
  10 gnolls
  7 adders
  A shadow imp (D:6)
  An ufetubus (D:5)
  2 adder zombies (Ossuary)
  4 worms
  2 dart slugs
  12 orcs
  3 bats
  6 endoplasms
  3 giant cockroaches (D:4)
  A goblin (D:3)
  4 hobgoblins
  10 jackals
  2 quokkas
  10 ball pythons
  A frilled lizard (D:1)
  2 goblin zombies (Ossuary)
  7 hobgoblin zombies (Ossuary)
  27 kobolds
  12 kobold zombies (Ossuary)
  8 orc zombies (Ossuary)
  3 rats
  2 rat zombies (Ossuary)
183 creatures vanquished.

Vanquished Creatures (others)
  An orc wizard (D:7)
1 creature vanquished.

Grand Total: 184 creatures vanquished

Notes
Turn   | Place    | Note
-------+----------+-------------------------------------------
     0 | D:1      | bande the Gargoyle Fighter began the quest for the Orb.
     0 | D:1      | Reached XP level 1. HP: 14/14 MP: 1/1
   116 | D:1      | Reached XP level 2. HP: 8/19 MP: 2/2
  1034 | D:1      | Found a faded altar of an unknown god.
  1204 | D:1      | Found a snail-covered altar of Cheibriados.
  1519 | D:2      | Reached skill level 2 in Axes
  1519 | D:2      | Reached XP level 3. HP: 13/23 MP: 3/3
  2282 | D:3      | Reached XP level 4. HP: 29/29 MP: 4/4
  2330 | D:3      | Noticed a +0 dagger
  2330 | D:3      | Noticed a +0 falchion
  2331 | D:3      | Noticed a +0 dagger
  2331 | D:3      | Noticed a +0 spear
  2332 | D:3      | Noticed a +0 short sword
  2333 | D:3      | Noticed a +0 spear
  2333 | D:3      | Noticed a +0 short sword
  2334 | D:3      | Noticed a +0 falchion
  2335 | D:3      | Found a hide-covered altar of Uskayaw.
  2365 | D:3      | Identified the +10 long sword of the Bruised Moons
                  | {distort, rC+ rN+ Int+4}
  2601 | D:3      | Noticed Ijyb
  2627 | D:3      | Killed Ijyb
  3165 | D:4      | Reached skill level 3 in Axes
  3218 | D:4      | Reached XP level 5. HP: 33/33 MP: 5/5
  3246 | D:4      | Found a staircase to the Ecumenical Temple.
  3278 | Temple   | Entered the Ecumenical Temple
  3721 | Temple   | Reached XP level 6. HP: 32/38 MP: 6/6
  3856 | Temple   | Reached skill level 1 in Evocations
  4057 | D:4      | Found a glowing silver altar of Zin.
  4203 | D:4      | Found a stormy altar of Qazlal.
  4301 | D:4      | Found an opulent altar of Gozag.
  4334 | D:4      | Reached skill level 5 in Armour
  4434 | D:5      | Entered Level 5 of the Dungeon
  4434 | D:5      | Noticed an ice beast
  4437 | D:5      | Found a sand-covered staircase.
  4444 | D:5      | Killed an ice beast
  4445 | D:5      | Reached skill level 4 in Axes
  4475 | Ossuary  | Entered an ossuary
  4604 | Ossuary  | Reached XP level 7. HP: 41/43 MP: 7/7
  4891 | D:5      | Reached skill level 5 in Axes
  5099 | D:5      | Reached XP level 8. HP: 18/48 MP: 8/8
  5228 | D:5      | Identified the +11 long sword "Taodoig" {heavy, +Blink
                  | rElec Int+9}
  5514 | D:5      | Found a basalt altar of Yredelemnul.
  5573 | D:5      | Found Xaofuos's Magic Scroll Shop.
  5603 | D:5      | Found a white marble altar of Elyvilon.
  5650 | D:5      | Reached skill level 6 in Axes
  5740 | D:5      | Gained mutation: You are partially covered in iridescent
                  | scales. (AC +2) [potion of mutation]
  5740 | D:5      | Gained mutation: You are robust. (+10% HP) [potion of
                  | mutation]
  5783 | D:5      | Found Weluon's Serpentskin Sales.
  5786 | D:5      | Reached skill level 5 in Fighting
  5953 | D:6      | Noticed Sigmund
  5983 | D:6      | Killed Sigmund
  6544 | D:6      | Found a sparkling altar of Nemelex Xobeh.
  6615 | D:6      | HP: 2/53 [gnoll/+0 whip[a gnoll sergeant] (7)]
  7317 | D:7      | Found a radiant altar of Vehumet.
  7354 | D:7      | Reached XP level 9. HP: 43/59 MP: 9/9
  7503 | D:7      | Reached skill level 7 in Axes
  8359 | D:7      | Reached skill level 5 in Shields
  8405 | D:7      | Found Ukkunwy's Distillery.
  8412 | D:7      | Bought a potion of heal wounds for 80 gold pieces
  8760 | D:8      | Noticed a two-headed ogre
  8772 | D:8      | Demolished by a two-headed ogre

Illustrated notes

Levels and vault maps discovered:
D:1:      dpeg_arrival_water_altar, layout_loops_corners,
          nicolae_ecumenical_lake_church
D:2:      layout_rooms, minmay_pentomino_p4
D:3:      layout_loops_corners, nicolae_uskayaw_en_pointe, uniq_ijyb
D:4:      layout_rooms, nicolae_qazlal_scattered_showers,
          mainiacjoe_overflow_boulevard, lemuel_crystal_altar, temple_pool_b,
          minivault_23
D:5:      layout_cave_pools, kennysheep_ying_yang, serial_shops,
          kennysheep_mini, lightli_ossuary_entry_decrepit_ruins,
          guppyfry_shop_venom
D:6:      layout_loops_corners, nemelex_xobeh_ov_fountains_minmay,
          grunt_ministairs_5, fountainhead, uniq_sigmund
D:7:      layout_loops_ring, nicolae_vehumet_altar_sigil, serial_shops, shop,
          kennysheep_decorative_pillar
D:8:      layout_basic, nicolae_diode_stairs
Temple:   bh_familiar_temple

Skill      XL: |  1  2  3  4  5  6  7  8  9 |
---------------+----------------------------+-----
Axes           | 2 3 4 5 6 7 |  7.7
Armour         | 4 5 6 |  6.8
Fighting       | 4 5 |  5.9
Evocations     | 1 2 3 4 |  4.4
Shields        | 4 5 |  5.0

Action                   |  1- 3 |  4- 6 |  7- 9 || total
-------------------------+-------+-------+-------++-------
Melee: War axe           |    94 |   205 |   433 ||   732
  Use: Scroll            |       |     4 |    11 ||    15
       Potion            |       |     1 |     3 ||     4
Armor: Scale mail        |    48 |    94 |   137 ||   279
       Chain mail        |       |       |   167 ||   167
Dodge: Dodged            |    51 |   120 |   213 ||   384
Block: Buckler           |    19 |    39 |   114 ||   172

Table legend: (Time is in decaauts)
 A = Elapsed time spent in this place.
 B = Non-inter-level travel time spent in this place.
 C = Inter-level travel time spent in this place.
 D = Time resting spent in this place.
 E = Time spent auto-exploring this place.
 F = Levels seen in this place.
 G = Mean time per level.
                   A        B        C        D        E       F      G
               +--------+--------+--------+--------+--------+-----+--------+
         Total |   9013 |   8780 |    233 |   2243 |   4723 |  10 |  901.3 |
       Dungeon |   7875 |   7642 |    233 |   1738 |   4365 |   8 |  984.4 |
        Temple |    691 |    691 |      0 |    442 |    197 |   1 |  691.0 |
       Ossuary |    445 |    445 |      0 |     63 |    161 |   1 |  445.0 |
               +--------+--------+--------+--------+--------+-----+--------+

Top non-repeatable levels by time:
     D:6: 1450 daAuts
     D:1: 1396 daAuts
     D:3: 1321 daAuts
     D:5: 1079 daAuts
     D:7: 961 daAuts
  Temple: 691 daAuts
     D:4: 628 daAuts
     D:8: 529 daAuts
     D:2: 508 daAuts
 Ossuary: 445 daAuts
